 Dungeon Crawl Stone Soup version 0.30-a0-149-g7f746667c4 (webtiles) character file.

Game seed: 8889683035784818482

9282 greasedhog the Destroyer (level 11, -2/63 HPs)
             Began as a Gargoyle Hedge Wizard on Sept 27, 2022.
             Was a Believer of Vehumet.
             Slain by a sun demon (16 damage)
             ... summoned by a kobold demonologist
             ... on level 8 of the Dungeon.
             The game lasted 00:25:46 (14303 turns).

greasedhog the Destroyer (Gargoyle Hedge Wizard)   Turns: 14303, Time: 00:25:49

Health: -2/63      AC: 20    Str: 14    XL:     11   Next: 44%
Magic:  8/27       EV: 16    Int: 19    God:    Vehumet [**....]
Gold:   334        SH:  0    Dex:  9    Spells: 6/20 levels left

rFire   . . .      SeeInvis .    b - +1 demon whip (venom)
rCold   + . .      Faith    .    (no shield)
rNeg    + . .      Spirit   .    u - +3 leather armour {rC+}
rPois   ∞          Reflect  .    l - +0 helmet
rElec   +          Harm     .    v - +2 cloak
rCorr   .          Rampage  .    (no gloves)
Will    .....                    i - +0 pair of boots
Stlth   +.........               (no amulet)
HPRegen 0.20/turn                h - ring of magical power
MPRegen 0.20/turn                w - +4 ring of evasion

@: no status effects
A: sickness immunity, AC +8, negative energy resistance 1, electricity
resistance, torment resistance 1, petrification resistance
a: Renounce Religion


You were on level 8 of the Dungeon.
You worshipped Vehumet.
Vehumet was pleased with you.
You visited 2 branches of the dungeon, and saw 12 of its levels.

You collected 334 gold pieces.

Inventory:

Hand Weapons
 a - a +3 scimitar of flaming
 b - a +1 demon whip of venom (weapon)
Missiles
 x - a throwing net
Armour
 i - a +0 pair of boots (worn)
 l - a +0 helmet (worn)
 u - a +3 leather armour of cold resistance (worn)
 v - a +2 cloak (worn)
Jewellery
 h - a ring of magical power (left hand)
 w - a +4 ring of evasion (right hand)
Wands
 m - a wand of digging (2)
 q - a wand of flame (8)
 y - a wand of roots (7)
 B - a wand of polymorph (3)
Scrolls
 o - 3 scrolls of amnesia
 p - 3 scrolls of butterflies
 s - 2 scrolls of enchant weapon
 C - a scroll of torment
Potions
 c - a potion of brilliance
 d - 2 potions of magic
 e - 3 potions of attraction
 f - 7 potions of curing
 j - a potion of flight
 k - a potion of berserk rage {unknown}
 n - 2 potions of degeneration {unknown}
 r - 3 potions of ambrosia {unknown}
 t - a potion of mutation {unknown}
 z - 2 potions of lignification


   Skills:
 - Level 5.1 Fighting
 - Level 5.7 Armour
 * Level 4.9 Dodging
 - Level 2.1 Stealth
 - Level 5.0 Spellcasting
 * Level 11.0 Conjurations
 - Level 0.8 Summonings
 - Level 5.0 Translocations
 - Level 3.3 Air Magic
 * Level 7.9 Earth Magic
 - Level 3.0 Poison Magic


You had 6 spell levels left.
You knew the following spells:

 Your Spells              Type           Power      Damage    Failure   Level
a - Magic Dart            Conj           100%       1d8       1%          1
b - Blink                 Tloc           48%        N/A       3%          2
c - Mephitic Cloud        Conj/Pois/Air  26%        N/A       4%          3
d - Iron Shot             Conj/Erth      20%        9d5       43%         6
e - Searing Ray           Conj           92%        2d7       1%          2

Your spell library contained the following spells:

 Spells                   Type           Power      Damage    Failure   Level
 Dazzling Flash           Conj/Hex       50%        N/A       4%          3
 Passwall                 Tmut/Erth      15%        N/A       4%          2
 Summon Small Mammal      Summ           32%        N/A       11%         1
 Slow                     Hex            16%        N/A       16%         1
 Call Imp                 Summ           8%         N/A       16%         2
 Animate Armour           Summ/Erth      42%        N/A       26%         4
 Call Canine Familiar     Summ           8%         N/A       32%         3
 Summon Guardian Golem    Hex/Summ       6%         N/A       36%         3
 Dispel Undead            Necr           4%         3d7       83%         4
 Blade Hands              Tmut           2%         N/A       99%         5
 Cigotuvi's Dreadful Rot  Necr/Pois/Air  Unusable   N/A       N/A         2

Dungeon Overview and Level Annotations

Branches:
Dungeon (11/15)            Temple (1/1) D:6
   Lair: D:8-11         Orc: D:9-12

Altars:
Ashenzari
Cheibriados
Dithmenos
Elyvilon
Fedhas
Gozag
Hepliaklqana
Kikubaaqudgha
Makhleb
Nemelex Xobeh
Okawaru
Qazlal
Ru
Sif Muna
Trog
Uskayaw
Vehumet
Wu Jian
Xom
Yredelemnul
Zin
The Shining One

Shops:
D:6 =


Innate Abilities, Weirdness & Mutations

You are immune to sickness and miasma.
Your stone body is resilient. (AC +8)
You are immune to poison.
You resist negative energy. (rN+)
You are resistant to electric shocks. (rElec)
You are resistant to unholy torment.
You are immune to petrification.


Message History

The sixfirhy is moderately wounded.
The searing ray misses the kobold brigand.
The kobold demonologist completely misses you.
The hellwing hits you! The hellwing barely misses you.
The searing ray hits the kobold demonologist!
The kobold demonologist is severely wounded.
The searing ray hits the sixfirhy!
The sixfirhy is heavily wounded.
The searing ray hits the kobold brigand but does no damage.
The kobold brigand is almost dead.
You finish channelling your searing ray.
The kobold demonologist begins to cast a cantrip, but forgets the words!
The hellwing closely misses you. The hellwing hits you.
The kobold demonologist hits you but does no damage.
The hellwing hits you! The hellwing barely misses you.
Unknown command.
You whack the kobold demonologist!
The kobold demonologist is almost dead.
The kobold demonologist mumbles some strange words.
The hellwing misses you. The hellwing barely misses you.
You closely miss the kobold demonologist.
The kobold demonologist is almost dead.
The hellwing disappears in a puff of smoke!
The kobold demonologist casts a spell.
You closely miss the kobold demonologist.
The kobold demonologist is almost dead.
The kobold demonologist casts a spell.
The chaos spawn misses you.
You barely miss the kobold demonologist.
The kobold demonologist is almost dead.
The kobold demonologist looks satisfied for a moment.
The sun demon misses you. The chaos spawn closely misses you.
You hit the kobold demonologist but do no damage.
The kobold demonologist is poisoned.
The kobold demonologist is almost dead.
The kobold demonologist closely misses you.
The sun demon hits you!!
* * * LOW HITPOINT WARNING * * *
You are engulfed in flames!
You die...

####### #...34# #######
#########.###@# #.....#
#.........# #K# #.###.#
#.#...##<.###3# #.# #.#
#...#.......5K#####.###.#
##.#####..##.)...o......###
#
#.#####.(......##........#
#
#.......###...###..##..#.#
# #..######..#.##
#......#.### #
##.##~⌠~##.#)# #.###......#


You could see a sun demon (summoned), a kobold demonologist (very poisoned), a
sixfirhy (summoned), a chaos spawn (summoned), a kobold brigand and a quasit
(summoned).

Vanquished Creatures
  Erica (D:8)
  A two-headed ogre (D:9)
  Amaemon (D:8)
  Pikel (D:5)
  The ghost of flotson the Trooper, a novice DsDe of Gozag (D:8)
  3 cyclopes
  An orange demon (D:8)
  A troll (D:11)
  A hornet (D:8)
  Grinder (D:3)
  Sigmund (D:4)
  A wyvern (D:8)
  Eustachio (D:5)
  A wraith (D:11)
  A steam dragon (D:8)
  Menkaure (D:3)
  A water moccasin (D:5)
  An acid dragon (D:11)
  Duvessa (D:6)
  An orc warrior (D:7)
  2 ogres (D:6)
  2 centaurs (D:8)
  3 lemures
  3 phantoms
  2 bullfrogs
  11 kobold brigands
  A gnoll sergeant (D:7)
  6 scorpions
  Dowan (D:6)
  4 killer bees (D:8)
  3 electric eels (D:6)
  3 howler monkeys (D:7)
  7 hounds
  A jelly (D:5)
  2 orc priests
  Crazy Yiuf (D:3)
  2 gnoll boudas
  3 iguanas
  Natasha (thrice) (D:4)
  9 orc wizards
  A mummy (D:3)
  14 gnolls
  6 adders
  2 white imps
  2 ufetubi
  2 adder skeletons (D:3)
  4 dart slugs
  26 orcs
  4 ball pythons
  3 endoplasms
  6 giant cockroaches
  6 goblins
  7 hobgoblins
  5 jackals
  A quokka (D:1)
  5 bats
  2 frilled lizards
  12 kobolds
  2 rats
201 creatures vanquished.

Vanquished Creatures (collateral kills)
  A killer bee (D:8)
1 creature vanquished.

Vanquished Creatures (others)
  3 fungi (D:8)
  25 plants
28 creatures vanquished.

Grand Total: 230 creatures vanquished

Notes
Turn   | Place    | Note
-------+----------+-------------------------------------------
     0 | D:1      | greasedhog the Gargoyle Hedge Wizard began the quest for
                  | the Orb.
     0 | D:1      | Reached XP level 1. HP: 10/10 MP: 4/4
   367 | D:1      | Reached XP level 2. HP: 15/15 MP: 6/6
   437 | D:1      | Learned a level 2 spell: Blink
   529 | D:1      | Reached skill level 2 in Conjurations
  1482 | D:2      | Reached XP level 3. HP: 19/19 MP: 7/7
  1946 | D:2      | Found a faded altar of an unknown god.
  2002 | D:2      | Found a hide-covered altar of Uskayaw.
  2081 | D:2      | Noticed a phantom
  2262 | D:3      | Found an ancient bone altar of Kikubaaqudgha.
  2303 | D:3      | Found a runed translucent door.
  2304 | D:3      | Noticed Crazy Yiuf
  2326 | D:3      | Found a transporter.
  2332 | D:3      | Found a transporter.
  2362 | D:3      | Found a basalt altar of Yredelemnul.
  2367 | D:3      | Learned a level 3 spell: Mephitic Cloud
  2370 | D:3      | Noticed Menkaure
  2465 | D:3      | Noticed Grinder
  2475 | D:3      | Paralysed by Grinder for 4 turns
  2481 | D:3      | Killed Grinder
  2482 | D:3      | Reached skill level 4 in Conjurations
  2482 | D:3      | Reached XP level 4. HP: 12/24 MP: 10/10
  2482 | D:3      | Reached XP level 5. HP: 15/28 MP: 12/12
  2482 | D:3      | Reached XP level 6. HP: 17/32 MP: 13/13
  3292 | D:4      | Reached skill level 1 in Fighting
  3292 | D:4      | Reached skill level 5 in Spellcasting
  3301 | D:4      | Noticed Sigmund
  3310 | D:4      | Paralysed by an orc for 3 turns
  3785 | D:4      | Killed Sigmund
  3786 | D:4      | Reached skill level 5 in Conjurations
  3786 | D:4      | Reached skill level 1 in Poison Magic
  3786 | D:4      | Reached XP level 7. HP: 40/40 MP: 14/14
  4140 | D:4      | Noticed Natasha
  4144 | D:4      | Killed Natasha
  4481 | D:4      | Found a sacrificial altar of Ru.
  4481 | D:4      | Found a glowing silver altar of Zin.
  4676 | D:4      | Noticed Natasha
  4688 | D:4      | Killed Natasha
  5129 | D:4      | Noticed Natasha
  5136 | D:4      | Killed Natasha
  5174 | D:5      | Entered Level 5 of the Dungeon
  5179 | D:5      | Found a shimmering altar of Xom.
  5196 | D:5      | Reached skill level 6 in Conjurations
  5388 | D:5      | Reached XP level 8. HP: 48/48 MP: 13/15
  5463 | D:5      | Found a glowing golden altar of the Shining One.
  5592 | D:5      | Reached skill level 1 in Air Magic
  5978 | D:5      | Noticed Eustachio
  5982 | D:5      | Noticed Pikel
  6282 | D:5      | Killed Eustachio
  6283 | D:5      | Reached skill level 5 in Fighting
  6283 | D:5      | Reached skill level 7 in Conjurations
  6455 | D:5      | Killed Pikel
  6456 | D:5      | Reached XP level 9. HP: 36/54 MP: 1/16
  6998 | D:6      | Found Atwesen's Jewellery Boutique.
  7008 | D:6      | Reached skill level 1 in Translocations
  7034 | D:6      | Noticed Dowan
  7036 | D:6      | Noticed Duvessa
  7499 | D:6      | Found a bloodstained altar of Trog.
  7575 | D:6      | Reached skill level 8 in Conjurations
  7599 | D:6      | Found a staircase to the Ecumenical Temple.
  7626 | Temple   | Entered the Ecumenical Temple
  7802 | Temple   | Became a worshipper of Vehumet
  8460 | D:6      | Learned a level 6 spell: Iron Shot
  8822 | D:6      | Reached skill level 1 in Earth Magic
  8969 | D:3      | Killed Menkaure
  9080 | D:3      | Identified the +4 sling of Zalimat {flame, +Blink rCorr
                  | Str-3 Dex+4}
  9086 | D:3      | Got the Precepts of Misery and Clay
  9179 | D:3      | Killed Crazy Yiuf
  9767 | D:6      | Killed Duvessa
  9782 | D:6      | Killed Dowan
 10371 | D:7      | Reached * piety under Vehumet
 10371 | D:7      | Offered knowledge of Freeze by Vehumet.
 10565 | D:7      | Found a blossoming altar of Fedhas.
 10591 | D:7      | Reached skill level 5 in Armour
 10923 | D:7      | Reached XP level 10. HP: 59/59 MP: 17/17
 11180 | D:7      | Found a white marble altar of Elyvilon.
 11316 | D:7      | Noticed a cyclops
 11326 | D:7      | Reached skill level 9 in Conjurations
 11345 | D:7      | Killed a cyclops
 11593 | D:8      | Found a runed translucent gate.
 11593 | D:8      | Found a runed translucent gate.
 11593 | D:8      | Found a runed translucent gate.
 11593 | D:8      | Noticed a kobold demonologist
 11593 | D:8      | Noticed flotson's ghost (novice DsDe)
 11621 | D:8      | Noticed Erica
 11642 | D:8      | Killed Erica
 11751 | D:8      | Identified the +0 leather armour of Disguise {rPois MP+9}
 11836 | D:8      | You fall into a shaft and drop 3 floors!
 11956 | D:11     | Noticed a cyclops
 11978 | D:11     | Killed a cyclops
 11979 | D:11     | Reached skill level 5 in Earth Magic
 12020 | D:11     | Noticed a cyclops
 12051 | D:11     | Killed a cyclops
 12393 | D:11     | Offered knowledge of Searing Ray by Vehumet.
 12394 | D:11     | Reached skill level 5 in Translocations
 12406 | D:10     | Entered Level 10 of the Dungeon
 12406 | D:10     | Noticed a two-headed ogre
 12503 | D:10     | Reached ** piety under Vehumet
 12732 | D:9      | Noticed a two-headed ogre
 12748 | D:9      | Learned a level 2 spell: Searing Ray
 12750 | D:9      | Killed a two-headed ogre
 12751 | D:9      | Reached skill level 10 in Conjurations
 12997 | D:8      | Reached XP level 11. HP: 63/63 MP: 18/18
 13084 | D:8      | Noticed Amaemon
 13118 | D:8      | Killed Amaemon
 13358 | D:8      | Found a broken altar of Ashenzari.
 14279 | D:8      | Killed flotson's ghost
 14283 | D:8      | Offered knowledge of Dazzling Flash by Vehumet.
 14286 | D:8      | Reached skill level 11 in Conjurations
 14293 | D:8      | Noticed a sixfirhy
 14302 | D:8      | Noticed a sun demon
 14303 | D:8      | Slain by a sun demon

Illustrated notes

Levels and vault maps discovered:
D:1:      nzn_arrival_depleted_hourglass, layout_basic
D:2:      layout_loops_ring, shapermc_ecumenical_altar_petra, basic_altar,
          chequers_avenue, minmay_misc_feat_hallway, lightli_corner_chamber
D:3:      layout_loops_cross, gammafunk_temple_of_torment,
          chequers_serial_rivers_micro_c, uniq_grinder, uniq_crazy_yiuf_cottage
D:4:      layout_loops_ring, grunt_temple_overflow_open, gup_sewer_entry_glass,
          uniq_menkaure, uniq_natasha, uniq_sigmund
D:5:      layout_basic, nicolae_tso_carved_into_rock, xom_butterflies,
          uniq_pikel, uniq_eustachio
D:6:      layout_gridville, lemuel_coloured_pillars_altar,
          minmay_temple_entry_steel_oval, serial_shops, nicolae_shop_stone,
          serial_bayou, serial_bayou_shore_b, serial_bayou_pond_c,
          serial_bayou_pond_e, serial_bayou_shore_a, nrook_uturn, uniq_duvessa
D:7:      layout_basic, nicolae_elyvilon_temple_path, fedhas_altar_1
D:8:      layout_loops_corners, mainiacjoe_overflow_surrounded_room,
          gammafunk_ghost_nasty_kobolds, uniq_erica, uniq_amaemon
D:9:      layout_irregular_city, minmay_statues_item
D:10:     layout_rooms, erik_lair_island, gammafunk_ghost_spectres
D:11:     layout_basic, xom_teletrap_fun
Temple:   nicolae_temple_bog_church

Skill      XL: |  1  2  3  4  5  6  7  8  9 10 11 |
---------------+----------------------------------+-----
Conjurations   | 2 4 5 6 7 8 10 11 | 11.0
Spellcasting   | 4 5 |  5.0
Fighting       | 2 4 5 |  5.1
Poison Magic   | 1 3 |  3.0
Air Magic      | 3 |  3.3
Armour         | 2 5 |  5.7
Translocations | 3 5 |  5.0
Earth Magic    | 3 6 7 |  7.9
Dodging        | 3 4 |  4.9
Stealth        | |  2.1
Summonings     | |  0.8

Action                   |  1- 3 |  4- 6 |  7- 9 | 10-12 || total
-------------------------+-------+-------+-------+-------++-------
Melee: Dagger            |     7 |    20 |    31 |       ||    58
       Punch             |       |       |     2 |     3 ||     5
       Whip              |       |       |    91 |    16 ||   107
       Scimitar          |       |       |       |    45 ||    45
       Demon whip        |       |       |       |    15 ||    15
 Cast: Magic Dart        |    79 |    68 |   454 |   151 ||   752
       Mephitic Cloud    |       |       |    26 |    16 ||    42
       Searing Ray       |       |       |       |    16 ||    16
       Blink             |       |       |       |     1 ||     1
Evoke: Wand              |       |     3 |       |     3 ||     6
  Use: Scroll            |     6 |       |     6 |     3 ||    15
       Potion            |       |       |       |     3 ||     3
 Stab: Sleeping          |     1 |       |       |       ||     1
       Paralysed         |       |     9 |       |       ||     9
       Confused          |       |       |     3 |     5 ||     8
Armor: Robe              |     9 |    15 |    30 |       ||    54
       Leather armour    |       |       |   115 |   106 ||   221
Dodge: Dodged            |    12 |    18 |   151 |   189 ||   370

Table legend: (Time is in decaauts)
 A = Elapsed time spent in this place.
 B = Non-inter-level travel time spent in this place.
 C = Inter-level travel time spent in this place.
 D = Time resting spent in this place.
 E = Time spent auto-exploring this place.
 F = Levels seen in this place.
 G = Mean time per level.
                   A        B        C        D        E       F      G
               +--------+--------+--------+--------+--------+-----+--------+
         Total |  14357 |  13331 |   1026 |   3703 |   7759 |  12 | 1196.4 |
       Dungeon |  14157 |  13160 |    997 |   3703 |   7598 |  11 | 1287.0 |
        Temple |    200 |    172 |     28 |      0 |    160 |   1 |  200.0 |
               +--------+--------+--------+--------+--------+-----+--------+

Top non-repeatable levels by time:
     D:6: 2092 daAuts
     D:5: 1841 daAuts
     D:3: 1765 daAuts
     D:4: 1744 daAuts
     D:8: 1599 daAuts
     D:7: 1582 daAuts
     D:2: 1296 daAuts
     D:1: 1087 daAuts
    D:11: 574 daAuts
     D:9: 382 daAuts
  Temple: 200 daAuts
    D:10: 191 daAuts
